 Dungeon Crawl Stone Soup version 0.20.0-1-g1cb1d84 (webtiles) character file.

97703 tv1990 the Sharpshooter (level 16, -3/134 HPs)
             Began as a Formicid Hunter on May 26, 2017.
             Was the Champion of Okawaru.
             Slain by a slime creature (13 damage)
             ... on level 12 of the Dungeon.
             The game lasted 01:25:45 (21265 turns).

tv1990 the Sharpshooter (Formicid Hunter)          Turns: 21265, Time: 01:25:46

Health: -3/134     AC: 24    Str: 35    XL:     16   Next: 70%
Magic:  24/24      EV: 11    Int: 18    God:    Okawaru [******]
Gold:   1032       SH: 14    Dex: 18    Spells: 15/15 levels left

rFire    . . .     SeeInvis +   Q - +8 hand crossbow of Infection {elec, Str+4 Int+5}
rCold    + . .     Gourm    .   z - +0 shield
rNeg     . . .     Faith    .   d - +0 plate armour of the Nine Scars {+Blink rC+ Str+4 Slay+3} (curse)
rPois    .         Spirit   .   (helmet unavailable)
rElec    .         Reflect  .   S - +0 cloak {MR+}
rCorr    .         Harm     .   J - +1 pair of gloves {Str+3}
MR       ++...                  I - +1 pair of boots
Stlth    ..........             F - amulet of magic regeneration
Regen    0.4/turn               G - +5 ring of strength
MPRegen  0.3/turn               b - +2 ring of slaying

@: no status effects
A: permanent stasis, dig shafts and tunnels, four strong arms, antennae 3, thin
skeletal structure 1, strong 1, sturdy frame 1
a: Dig, Shaft Self, Heroism, Finesse, Renounce Religion


You were on level 12 of the Dungeon.
You worshipped Okawaru.
Okawaru was exalted by your worship.
You were not hungry.

You visited 4 branches of the dungeon, and saw 21 of its levels.
You also visited: Sewer and Ice Cave.

You collected 2299 gold pieces.
You spent 1267 gold pieces at shops.

Inventory:

Hand Weapons
 n - a +4 scimitar of flaming
 E - the +1 arbalest of Severance {venom, rF+ rC+ Dex-4 SInv}
   (You found it on level 8 of the Dungeon)

   It poisons the ammo it fires.
   It affects your dexterity (-4).
   It protects you from fire.
   It protects you from cold.
   It lets you see invisible.
 Q - the +8 hand crossbow of Infection (weapon) {elec, Str+4 Int+5}
   (Okawaru gifted it to you on level 5 of the Lair of Beasts)

   It charges the ammunition it shoots with electricity; occasionally upon a
   hit, such missiles may discharge and cause terrible harm.
   It affects your strength (+4).
   It affects your intelligence (+5).
Missiles
 o - 114 bolts (quivered)
Armour
 d - the cursed +0 plate armour of the Nine Scars (worn) {+Blink rC+ Str+4 Slay+3}
   (You bought it in a shop on level 2 of the Orcish Mines)

   It affects your strength (+4).
   It affects your accuracy and damage with ranged weapons and melee attacks
   (+3).
   It protects you from cold.
   It lets you blink.
   It has a curse placed upon it.
 z - a +0 shield (worn)
 I - a +1 pair of boots (worn)
 J - a +1 pair of gloves of strength (worn)
 S - a +0 cloak of magic resistance (worn)
Jewellery
 b - a +2 ring of slaying (right hand)
 v - an uncursed ring of protection from cold
 F - an amulet of magic regeneration (around neck)
 G - a +5 ring of strength (left hand)
 O - an uncursed ring of poison resistance
 U - an uncursed ring of protection from magic
Wands
 c - a wand of iceblast (14/15)
 B - a wand of iceblast (8/15)
 C - a wand of iceblast (4/15)
 D - a wand of disintegration (9/24)
 L - a wand of iceblast (4/15)
 M - a wand of paralysis (14/24)
 V - a wand of lightning (7/15)
 W - a wand of paralysis (11/24)
Scrolls
 g - 15 scrolls of remove curse
 k - 2 scrolls of identify
 l - a scroll of immolation
 s - a scroll of fear
 u - 4 scrolls of enchant armour
 y - 5 scrolls of enchant weapon
 A - 5 scrolls of fog
 K - 7 scrolls of recharging
 R - a scroll of torment
 X - 3 scrolls of amnesia
Potions
 a - a potion of mutation
 e - a potion of resistance
 i - 3 potions of curing
 j - 4 potions of flight
 r - 3 potions of ambrosia
 w - 3 potions of lignification
 x - a potion of brilliance
 P - a potion of invisibility
 Y - 2 potions of magic
Comestibles
 f - 15 bread rations
 h - 17 chunks of flesh
 p - 9 royal jellies
 t - 14 meat rations


   Skills:
 + Level 14.9 Fighting
 - Level 16.0 Crossbows
 + Level 15.3 Armour
 + Level 3.5 Dodging
 - Level 1.2 Stealth
 - Level 9.2 Shields
 - Level 11.1 Invocations


You had 15 spell levels left.
You didn't know any spells.

Dungeon Overview and Level Annotations

Branches:
Dungeon (12/15)            Temple (1/1) D:6            Lair (6/6) D:9
 Shoals (0/4) Lair:2       Spider (0/4) Lair:4        Slime (0/5) Lair:5
    Orc (2/2) D:10            Elf (0/3) Orc:2

Altars:
Cheibriados
Dithmenos
Elyvilon
Fedhas
Gozag
Makhleb
Nemelex Xobeh
Okawaru
Qazlal
Ru
Sif Muna
Trog
Xom
Yredelemnul
The Shining One
Beogh

Shops:
Orc:1 *   Orc:2 (:%[*

Annotations:
D:8 exclusion: door
Lair:5 exclusion: 2 oklob plants


Innate Abilities, Weirdness & Mutations

You cannot be hasted, slowed, berserked, paralysed or teleported.
You can dig through walls and to a lower floor.
Your four strong arms can wield two-handed weapons with a shield.
You have a pair of large antennae on your head. (SInv)
You have a somewhat thin skeletal structure. (Dex +2, Stealth)
Your muscles are strong. (Str +2)
Your movements are slightly less encumbered by armour. (ER -2)


Message History

You block the slime creature's attack.
You feel much better.
You block the large slime creature's attack.
The slime creature hits you but does no damage.
Firing (i - inventory):
o - 115 bolts (quivered)
Press: ? - help, Shift-Dir - straight line, f - large slime creature
Aim: a large slime creature You shoot a bolt.
The bolt hits the large slime creature!!!
The large slime creature is moderately wounded.
The large slime creature hits you!!
* * * LOW HITPOINT WARNING * * *
The slime creature hits you!
* * * LOW HITPOINT WARNING * * *
Okay, then.
Unknown command.
You feel better.
A large slime creature splits.
The slime creature hits you!
* * * LOW HITPOINT WARNING * * *
You feel better. The slime creature hits you!
You die...

...>................
.........####.......
.........# ##.#####
#######.## #....##
#....# ####..#
###'##### ##..
#(.(....# ###
#(JJ(..(# #####
#.@J....# ##....
#.......+ ......
#.......# ##....
#..(....# #....
######### #....
#.... #####


You could see 3 slime creatures.

Vanquished Creatures
  Rupert (Lair:5)
  Kirke (Lair:5)
  An orc warlord (Orc:2)
  An ettin (Orc:1)
  Erolcha (D:9)
  10 hydras
  Erica (D:8)
  9 two-headed ogres
  10 death yaks
  3 orc high priests (Orc:2)
  An obsidian statue (D:9)
  The ghost of salade2fruit the Magician, a novice OpFE of Vehumet (D:7)
  A necromancer (IceCv)
  A wolf spider (Lair:4)
  6 orc sorcerers
  6 orc knights
  3 ugly things
  3 cyclopes
  12 elephants
  Joseph (D:8)
  2 ice statues
  10 black mambas
  27 spiny frogs
  A kobold demonologist (D:12)
  4 rime drakes (Lair:5)
  A torpor snail (Lair:6)
  10 freezing wraiths (IceCv)
  9 komodo dragons
  A polar bear (Lair:5)
  A queen bee (Lair:5)
  5 tyrant leeches (Lair:6)
  7 trolls
  3 meliai (Lair:5)
  2 jumping spiders (Lair:4)
  24 blink frogs
  3 slime creatures (D:12)
  3 dream sheep (Lair:5)
  8 hippogriffs
  2 water elementals (D:11)
  A redback (Lair:4)
  37 yaks
  Grum (D:8)
  4 fire bats (D:8)
  A hog (Lair:5)
  2 basilisks
  6 wyverns
  2 hungry ghosts
  A steam dragon (Lair:2)
  6 vampire mosquitoes
  An acid dragon (D:11)
  3 wargs
  Menkaure (D:5)
  12 water moccasins
  17 porcupines
  A hell hound (D:8)
  A black bear (Lair:1)
  33 orc warriors
  11 ice beasts
  A hornet zombie (D:11)
  6 phantoms
  5 sky beasts
  An alligator simulacrum (IceCv)
  2 eyes of draining
  3 centaurs
  11 ogres
  8 wolves
  4 crocodiles
  Blork the orc (D:6)
  2 big kobolds
  31 bullfrogs
  8 scorpions
  44 killer bees
  3 wights (D:11)
  A howler monkey (D:6)
  2 bullfrog zombies
  4 electric eels
  2 lava snakes (D:8)
  3 crimson imps
  A centaur zombie (D:7)
  3 draconian simulacra (IceCv)
  A quasit (D:10)
  4 hounds
  A gnoll shaman (D:9)
  A bullfrog skeleton (D:11)
  3 centaur skeletons
  13 orc priests
  A jelly (D:5)
  3 iguanas
  20 orc wizards
  6 troll simulacra (IceCv)
  9 worker ants
  A polar bear simulacrum (IceCv)
  2 spriggan simulacra (IceCv)
  2 wolf simulacra (IceCv)
  5 centaur simulacra (IceCv)
  A hound skeleton (D:9)
  A worker ant zombie (D:9)
  A howler monkey zombie (D:6)
  2 naga simulacra (IceCv)
  12 adders
  7 gnolls
  2 ogre simulacra (IceCv)
  4 river rats
  2 shadow imps
  12 white imps (IceCv)
  3 oozes
  3 adder skeletons
  8 leopard geckos
  68 orcs
  7 bats
  6 giant cockroaches
  6 hobgoblins
  8 jackals
  3 quokkas
  2 ball pythons
  4 frilled lizards
  8 goblins
  23 kobolds
  A leopard gecko skeleton (D:8)
  2 leopard gecko zombies
  7 rats
  A spectral orc (D:6)
  3 fire vortices (D:8)
  2 fungi
  3 plants
767 creatures vanquished.

Vanquished Creatures (others)
  3 humans (Lair:5)
  A dream sheep (Lair:5)
  2 orcs
  25 fungi
  54 plants
85 creatures vanquished.

Grand Total: 852 creatures vanquished

Notes
Turn   | Place    | Note
-------+----------+-------------------------------------------
     0 | D:1      | tv1990 the Formicid Hunter began the quest for the Orb.
     0 | D:1      | Reached XP level 1. HP: 16/16 MP: 1/1
   227 | D:1      | Reached XP level 2. HP: 18/23 MP: 2/2
   473 | D:1      | Reached skill level 1 in Armour
   587 | D:2      | Reached XP level 3. HP: 28/28 MP: 3/3
   655 | D:2      | Found a blossoming altar of Fedhas.
   750 | D:2      | Reached XP level 4. HP: 31/34 MP: 4/4
  1232 | D:3      | Found a glowing drain.
  1253 | Sewer    | Entered a sewer
  1325 | Sewer    | Noticed a big kobold
  1335 | Sewer    | Reached skill level 5 in Crossbows
  1348 | Sewer    | Killed a big kobold
  1348 | Sewer    | Reached XP level 5. HP: 34/41 MP: 5/5
  1389 | Sewer    | Found a white marble altar of Elyvilon.
  1578 | D:3      | Reached XP level 6. HP: 45/48 MP: 6/6
  1797 | D:3      | Found a deep blue altar of Sif Muna.
  2182 | D:4      | Reached skill level 6 in Crossbows
  2182 | D:4      | Reached skill level 1 in Shields
  2369 | D:4      | Reached XP level 7. HP: 54/54 MP: 7/7
  2408 | D:4      | Found an opulent altar of Gozag.
  2413 | D:4      | Found a sacrificial altar of Ru.
  2472 | D:5      | Entered Level 5 of the Dungeon
  2483 | D:5      | Found a bloodstained altar of Trog.
  2501 | D:5      | Noticed Menkaure
  2505 | D:5      | Killed Menkaure
  2594 | D:5      | Reached skill level 5 in Fighting
  2594 | D:5      | Reached skill level 7 in Crossbows
  2594 | D:5      | Reached XP level 8. HP: 61/62 MP: 8/8
  2870 | D:5      | Found a shadowy altar of Dithmenos.
  3423 | D:6      | Found a staircase to the Ecumenical Temple.
  3429 | Temple   | Entered the Ecumenical Temple
  3437 | Temple   | Became a worshipper of Warmaster Okawaru
  3498 | D:6      | Reached skill level 8 in Crossbows
  3514 | D:6      | Reached skill level 1 in Invocations
  3621 | D:6      | Noticed Blork the orc
  3626 | D:6      | Killed Blork the orc
  3643 | D:6      | Reached XP level 9. HP: 49/69 MP: 10/10
  3648 | D:6      | Gained mutation: You have a somewhat thin skeletal structure. (Dex +2, Stealth) [mutagenic meat]
  3649 | D:6      | Gained mutation: Your spells are a little harder to cast, but a little more powerful. [mutagenic meat]
  3850 | D:6      | Found a basalt altar of Yredelemnul.
  3908 | D:6      | Reached * piety under Okawaru
  3909 | D:6      | Reached skill level 5 in Shields
  4083 | D:7      | Noticed salade2fruit's ghost (novice OpFE)
  4090 | D:7      | Killed salade2fruit's ghost
  4090 | D:7      | Reached skill level 9 in Crossbows
  4303 | D:7      | Reached ** piety under Okawaru
  4608 | D:7      | Reached skill level 5 in Invocations
  4821 | D:8      | Noticed Joseph
  4839 | D:8      | Killed Joseph
  4839 | D:8      | Reached skill level 10 in Crossbows
  4839 | D:8      | Reached XP level 10. HP: 58/76 MP: 12/14
  4886 | D:8      | Noticed Erica
  4893 | D:8      | Killed Erica
  4893 | D:8      | Reached *** piety under Okawaru
  5421 | D:8      | Noticed a two-headed ogre
  5437 | D:8      | Killed a two-headed ogre
  5500 | D:8      | Noticed a two-headed ogre
  5508 | D:8      | Killed a two-headed ogre
  5508 | D:8      | Reached **** piety under Okawaru
  5508 | D:8      | Received a gift from Okawaru
  5508 | D:8      | Reached skill level 5 in Armour
  5731 | D:8      | Noticed Grum
  5748 | D:8      | Killed Grum
  6001 | D:8      | Reached XP level 11. HP: 59/84 MP: 16/16
  6319 | D:8      | Got an iridescent arbalest
  6466 | D:8      | Identified the cursed +1 arbalest of Severance {venom, rF+ rC+ Dex-4 SInv} (You found it on level 8 of the Dungeon)
  6490 | D:8      | Noticed a two-headed ogre
  6493 | D:8      | Killed a two-headed ogre
  6498 | D:8      | Reached ***** piety under Okawaru
  6500 | D:8      | Received a gift from Okawaru
  6844 | D:9      | You fall through a shaft for 2 floors!
  6845 | D:11     | Found an iron altar of Okawaru.
  6967 | D:10     | Entered Level 10 of the Dungeon
  6988 | D:10     | Found a staircase to the Orcish Mines.
  6993 | D:10     | Found a shimmering altar of Xom.
  6993 | D:10     | Found a snail-covered altar of Cheibriados.
  7305 | D:9      | Noticed a two-headed ogre
  7319 | D:9      | Killed a two-headed ogre
  7353 | D:9      | Noticed Erolcha
  7362 | D:9      | Killed Erolcha
  7362 | D:9      | Reached skill level 11 in Crossbows
  7381 | D:9      | Noticed a two-headed ogre
  7385 | D:9      | Killed a two-headed ogre
  7385 | D:9      | Received a gift from Okawaru
  7388 | D:9      | Reached XP level 12. HP: 83/92 MP: 19/19
  7427 | D:9      | Reached skill level 10 in Invocations
  7433 | D:9      | Noticed a death yak
  7453 | D:9      | Killed a death yak
  7453 | D:9      | Received a gift from Okawaru
  7475 | D:9      | Found a staircase to the Lair.
  7479 | D:9      | Noticed a death yak
  7490 | D:9      | Noticed a death yak
  7505 | D:9      | Killed a death yak
  7514 | D:9      | Killed a death yak
  7514 | D:9      | Received a gift from Okawaru
  7685 | D:9      | Received a gift from Okawaru
  7686 | D:9      | Got a bloodstained plate armour {god gift}
  7697 | D:9      | Identified the +4 plate armour of the Ward {SInv} (Okawaru gifted it to you on level 9 of the Dungeon)
  8056 | D:9      | Noticed a sixfirhy
  8060 | D:9      | You fall through a shaft!
  8120 | D:9      | Noticed a sun demon
  8128 | D:9      | You fall through a shaft!
  8261 | D:9      | Reached skill level 12 in Crossbows
  8266 | D:9      | Gained mutation: Your spells are harder to cast, but more powerful. [mutagenic meat]
  8267 | D:9      | Gained mutation: You are frail. (-10% HP) [mutagenic meat]
  8269 | D:9      | Lost mutation: You are frail. (-10% HP) [mutagenic meat]
  8270 | D:9      | Gained mutation: Armour fits poorly on your strangely shaped body. [mutagenic meat]
  8271 | D:9      | Lost mutation: Your spells are harder to cast, but more powerful. [potion of mutation]
  8271 | D:9      | Lost mutation: Armour fits poorly on your strangely shaped body. [potion of mutation]
  8271 | D:9      | Lost mutation: Your spells are a little harder to cast, but a little more powerful. [potion of mutation]
  8271 | D:9      | Gained mutation: You do not regenerate when monsters are visible. [potion of mutation]
  8271 | D:9      | Gained mutation: Your muscles are strong. (Str +2) [potion of mutation]
  8272 | D:9      | Lost mutation: You do not regenerate when monsters are visible. [potion of mutation]
  8272 | D:9      | Lost mutation: Your muscles are strong. (Str +2) [potion of mutation]
  8272 | D:9      | Gained mutation: Your body sometimes deteriorates upon taking damage. [potion of mutation]
  8272 | D:9      | Gained mutation: Your muscles are strong. (Str +2) [potion of mutation]
  8272 | D:9      | Lost mutation: Your body sometimes deteriorates upon taking damage. [potion of mutation]
  8272 | D:9      | Gained mutation: Your movements are slightly less encumbered by armour. (ER -2) [potion of mutation]
  8405 | Lair:1   | Entered Level 1 of the Lair of Beasts
  8427 | Lair:1   | Reached ****** piety under Okawaru
  8931 | Lair:1   | Reached XP level 13. HP: 31/99 MP: 21/21
  9952 | Lair:2   | Found a staircase to the Shoals.
  9965 | Lair:2   | Reached skill level 10 in Armour
 10221 | Lair:2   | Noticed a five-headed hydra
 10230 | Lair:2   | Killed a one-headed hydra
 10230 | Lair:2   | Received a gift from Okawaru
 10678 | Lair:3   | Found a frozen archway.
 10695 | IceCv    | Entered an ice cave
 10834 | IceCv    | Received a gift from Okawaru
 11154 | IceCv    | Reached skill level 13 in Crossbows
 11211 | IceCv    | Found an ancient bone altar of Kikubaaqudgha.
 11227 | IceCv    | Reached skill level 10 in Fighting
 11890 | Lair:3   | Noticed a seven-headed hydra
 11894 | Lair:3   | Killed a seven-headed hydra
 12479 | Lair:3   | Received a gift from Okawaru
 12897 | Lair:4   | Found a hole to the Spider Nest.
 12958 | Lair:4   | Noticed a five-headed hydra
 12963 | Lair:4   | Killed a five-headed hydra
 12963 | Lair:4   | Reached XP level 14. HP: 111/111 MP: 22/22
 13857 | Lair:5   | Received a gift from Okawaru
 13904 | Lair:5   | Noticed Rupert
 13922 | Lair:5   | Killed Rupert
 13922 | Lair:5   | Reached skill level 14 in Crossbows
 14076 | Lair:5   | Received a gift from Okawaru
 14117 | Lair:5   | Received a gift from Okawaru
 14118 | Lair:5   | Got a polished hand crossbow {god gift}
 14119 | Lair:5   | Identified the +8 hand crossbow of Infection {elec, Str+4 Int+5} (Okawaru gifted it to you on level 5 of the Lair of Beasts)
 14249 | Lair:5   | Noticed Kirke
 14276 | Lair:5   | Killed Kirke
 14683 | Lair:5   | Found a staircase to the Slime Pits.
 14895 | Lair:5   | Reached XP level 15. HP: 122/122 MP: 23/23
 14917 | Lair:5   | Received a gift from Okawaru
 15478 | Lair:6   | Entered Level 6 of the Lair of Beasts
 15887 | Lair:6   | Reached skill level 15 in Crossbows
 16419 | Lair:6   | Received a gift from Okawaru
 17308 | D:10     | Received a gift from Okawaru
 17349 | D:10     | Found a basalt altar of Yredelemnul.
 17699 | D:11     | Reached XP level 16. HP: 130/132 MP: 24/24
 17889 | D:11     | Received a gift from Okawaru
 18157 | D:11     | Received a gift from Okawaru
 18570 | Orc:1    | Entered Level 1 of the Orcish Mines
 18774 | Orc:2    | Entered Level 2 of the Orcish Mines
 18912 | Orc:2    | Received a gift from Okawaru
 18925 | Orc:2    | Found Dekkex's Antique Armour Emporium.
 19362 | Orc:2    | Reached skill level 16 in Crossbows
 19373 | Orc:2    | Found Isit Nubbo's General Store.
 19383 | Orc:2    | Reached skill level 15 in Armour
 19394 | Orc:2    | Bought 2 potions of curing for 90 gold pieces
 19397 | Orc:2    | Found a staircase to the Elven Halls.
 19672 | Orc:2    | Found Duryot's Book Shop.
 19673 | Orc:2    | Found Duemnuka's Food Shop.
 20043 | Orc:2    | Found Cocip's Antique Weapon Boutique.
 20333 | Orc:2    | Bought a pitted arbalest for 256 gold pieces
 20333 | Orc:2    | Identified the cursed +0 arbalest "Hacaija" {velocity, rF+ rC- Int+3 Stlth+} (You bought it in a shop on level 2 of the Orcish Mines)
 20364 | Orc:2    | Bought a warped plate armour for 840 gold pieces
 20374 | Orc:2    | Identified the cursed +0 plate armour of the Nine Scars {+Blink rC+ Str+4 Slay+3} (You bought it in a shop on level 2 of the Orcish Mines)
 20462 | Orc:1    | Found Onaujim's General Store.
 20576 | Orc:1    | Bought a scroll of identify for 30 gold pieces
 20576 | Orc:1    | Bought 17 bolts for 51 gold pieces
 20721 | Orc:1    | Found a roughly hewn altar of Beogh.
 21258 | D:12     | Received a gift from Okawaru
 21263 | D:12     | HP: 4/134 [slime creature (14)]
 21265 | D:12     | Slain by a slime creature

Skill      XL: |  1  2  3  4  5  6  7  8  9 10 11 12 13 14 15 16 |
---------------+-------------------------------------------------+-----
Armour         | 1 2 5 7 9 11 13 14 15 | 15.3
Fighting       | 3 4 5 7 8 10 12 13 14 | 14.9
Crossbows      | 5 6 7 8 10 11 12 13 14 15 16 | 16.0
Shields        | 1 3 4 6 8 9 |  9.2
Invocations    | 2 5 7 9 11 | 11.1
Dodging        | 3 |  3.5
Stealth        | |  1.2

Action                   |  1- 3 |  4- 6 |  7- 9 | 10-12 | 13-15 | 16-18 || total
-------------------------+-------+-------+-------+-------+-------+-------++-------
Melee: Short sword       |    37 |     4 |    20 |       |       |       ||    61
       Whip              |     6 |       |       |       |       |       ||     6
       Scimitar          |       |       |       |     2 |    75 |       ||    77
       Unarmed           |       |       |       |       |    15 |       ||    15
 Fire: Hand crossbow     |    35 |   155 |   255 |   122 |   457 |   454 ||  1478
       Arbalest          |       |       |       |   284 |   466 |       ||   750
Invok: Heroism           |       |       |       |     3 |    13 |     4 ||    20
       Finesse           |       |       |       |       |     9 |     1 ||    10
 Abil: Dig               |       |       |       |     5 |     6 |     3 ||    14
       Shaft Self        |       |       |       |     2 |       |       ||     2
  Use: Scroll            |       |       |    15 |     4 |     9 |     5 ||    33
       Potion            |       |       |     1 |     7 |     7 |     4 ||    19
  Eat: Chunk             |       |     5 |     8 |    21 |    21 |    12 ||    67
       Royal jelly       |       |       |       |       |     3 |       ||     3
Armor: Leather armour    |     3 |       |       |       |       |       ||     3
       Ring mail         |    23 |    23 |       |       |       |       ||    46
       Plate armour      |       |     3 |    49 |    94 |   256 |    46 ||   448
       Chain mail        |       |       |    37 |       |       |       ||    37
Dodge: Dodged            |    35 |    36 |    36 |    55 |   221 |    40 ||   423
Block: Shield            |       |       |    10 |   116 |   352 |    93 ||   571
       Rpst.: Scimitar   |       |       |       |       |    12 |       ||    12

Vault maps used:
D:1:      minmay_arrival_glassed_features
D:2:      hangedman_decor_opposing, fedhas_altar_3
D:3:      nicolae_overflow_crystal_walls, portal_sewer_entry_f, first_bread
D:4:      cheibrodos_quashed, amethyst_overflow_temple_binary
D:5:      grunt_dithmenos_shadows, basic_altar, minmay_misc_feat_ornament,
          uniq_menkaure
D:6:      yredelemnul_forgotten_temple_becter, minmay_temple_entry_fiery,
          minivault_25, uniq_blork_the_orc
D:7:      grunt_ogre_cave
D:8:      hangedman_incinerator, uniq_erica, uniq_grum, uniq_joseph
D:9:      minmay_separated_statues, dpeg_lair_monsters, nicolae_sextant,
          nrook_mini_vaults, grunt_tough_drop, uniq_erolcha
D:10:     orc_0_dummy, basic_altar, hangedman_feature_mirror
D:11:     wad_woods_tower, serial_bayou, serial_bayou_lake_a,
          serial_bayou_ford_a, serial_bayou_pond_a, serial_bayou_pond_e,
          okawaru_ov_weapons_minmay
D:12:     minivault_26
Temple:   lightli_temple_of_artemis
Lair:1:   minmay_stone_trees_small, beast_lair_carwin_3
Lair:2:   shoals_dummy_entry
Lair:3:   portal_ice_cave_entry_pillars_2, beast_lair_carwin_7
Lair:4:   spider_nest_entry_funnel_web, hangedman_lair_generics_rect
Lair:5:   hangedman_what_comes_after_a, slime_dummy, serial_bayou_lagoon_b,
          serial_bayou_shore_b, lemuel_fruit_fields, uniq_kirke, uniq_rupert
Lair:6:   minmay_lair_end_frog_pond
Orc:1:    basic_altar, serial_shops, shop
Orc:2:    grunt_orc_gardens, grunt_orc_garden, grunt_orc_garden,
          grunt_orc_garden, grunt_orc_garden, serial_shops, nicolae_shop_trees
Sewer:    sewer_kobolds
IceCv:    ice_cave_small_necro
